Map: Whitewater Line LE

Players

MattBarry

  • Race: Zerg Zerg
  • League: Gold
  • Spawn Location: 6:00

Alebay

  • Race: Protoss Protoss
  • Spawn Location: 7:00

MattBarry

  • Race: Zerg Zerg
  • League: Gold
  • Spawn Location: 7:00

Abraham

  • Race: Terran Terran
  • Spawn Location: 1:00

ShadowRun

  • Race: Protoss Protoss
  • Spawn Location: 1:00

Bolt

  • Race: Terran Terran
  • Spawn Location: 12:00

VOD

Have the link to the VOD?

Description

Time

  • Played on: Jan. 22, 2023, 2:53 a.m.
  • Length: 18:53
Show
View Real Time Build Order
Export as new Build Order

MattBarry Zerg 

Build Orders: Hatch First, Lurkers 

Get SALT Encoding   

  12  0:00  Drone  
  13  0:14  Overlord  
  13  0:20  Drone  
  14  0:32  Drone  
  14  0:33  Drone  
  16  0:37  Drone  
  17  0:48  Drone  
  18  0:59  Hatchery  
  17  1:12  Spawning Pool  
  17  1:14  Drone  
  17  1:19  Extractor, Drone  
  17  1:23  Drone  
  18  1:32  Drone  
  19  1:41  Overlord  
  19  1:54  Drone  
  20  1:58  Queen  
  22  2:09  Drone  
  22  2:12  Queen  
  22  2:14  Drone x2  
  27  2:26  Metabolic Boost  
  27  2:29  Drone x2  
  29  2:36  Queen  
  31  2:40  Drone x2  
  33  2:47  Queen  
  35  2:53  Overlord  
  35  2:55  Drone  
  36  3:02  Extractor  
  36  3:03  Drone  
  36  3:07  Overlord  
  35  3:33  Drone x7  
  35  3:34  Drone  
  43  3:35  Overlord  
  43  3:41  Overlord  
  43  3:45  Lair  
  43  3:48  Roach Warren  
  43  3:51  Drone  
  43  4:05  Extractor  
  38  4:12  Queen  
  35  4:51  Hydralisk Den  
  34  4:54  Spine Crawler  
  34  4:56  Spore Crawler, Spine Crawler  
  31  5:10  Drone x11  
  42  5:27  Drone  
  43  5:30  Spore Crawler  
  43  5:31  Spore Crawler  
  41  5:46  Drone x6  
  47  6:01  Glial Reconstitution  
  47  6:02  Hydralisk x2  
  51  6:14  Extractor, Drone x2  
  51  6:15  Overlord  
  52  6:38  Hydralisk x2  
  52  6:39  Hydralisk x2, Hatchery  
  59  6:42  Muscular Augments  
  59  6:52  Drone  
  59  6:53  Overlord x2  
  60  7:19  Hydralisk x3, Spire  
  60  7:20  Hydralisk x2  
  69  7:47  Hydralisk x3  
  69  7:49  Overlord x2  
  75  7:53  Grooved Spines  
  75  8:01  Drone x3  
  75  8:02  Drone x4  
  82  8:06  Overlord x2  
  82  8:21  Drone  
  82  8:22  Drone x4  
  82  8:23  Evolution Chamber  
  82  8:25  Evolution Chamber  
  85  8:37  Drone x5  
  85  8:40  Extractor  
  89  8:42  Extractor  
  88  8:51  Drone x2  
  90  8:55  Hatchery  
  89  9:05  Drone x6  
  89  9:06  Drone x3  
  98  9:16  Hydralisk x3  
  104  9:31  Hydralisk x2  
  104  9:32  Hydralisk x3  
  114  9:38  Lurker Den  
  114  9:43  Infestation Pit  
  112  9:46  Drone x2  
  112  9:47  Overlord x3  
  104  10:19  Hydralisk x8  
  104  10:20  Hydralisk x2  
  122  10:24  Overlord x2  
  122  10:26  Hydralisk x2  
  108  10:59  Zerg Missile Weapons Level 1  
  108  11:00  Zerg Ground Armor Level 1  
  108  11:03  Hydralisk x2  
  108  11:04  Hydralisk x10  
  128  11:23  Hydralisk x6  
  128  11:24  Hydralisk x2  
  138  11:44  Hydralisk  
  138  11:45  Hydralisk x6  
  152  12:02  Hive  
  152  12:04  Drone  
  152  12:05  Drone x7  
  160  12:09  Extractor  
  160  12:10  Extractor  
  160  12:12  Drone x2  
  160  12:13  Overlord x3  
  160  12:39  Queen  
  160  12:41  Hydralisk x4  
  160  12:42  Hydralisk x4  
  160  12:43  Overlord x2  
  178  12:54  Zerg Ground Armor Level 2, Zerg Missile Weapons Level 2  
  174  13:20  Hydralisk x6  
  174  13:21  Hydralisk x6  
  150  13:56  Hydralisk  
  150  13:57  Hydralisk x2  
  150  13:59  Overlord x3  
  114  14:22  Hatchery, Adaptive Talons  
  113  14:27  Lurker x4  
  113  14:28  Lurker x3  
  113  14:29  Lurker x2  
  122  14:37  Hydralisk  
  122  14:38  Hydralisk x8  
  136  14:57  Hydralisk x5  
  146  15:03  Overseer  
  146  15:04  Overseer  
  146  15:11  Pneumatized Carapace  
  146  15:19  Seismic Spines  
  146  15:21  Zerg Ground Armor Level 3, Zerg Missile Weapons Level 3  
  92  16:06  Hydralisk x7  
  92  16:07  Hydralisk x8  
  101  16:26  Hydralisk x3  
  101  16:29  Hydralisk x2  
  101  16:31  Hydralisk x3  
  107  16:52  Hydralisk x3  
  107  16:53  Hydralisk x3  
  110  17:16  Hydralisk x5  
  120  17:26  Hydralisk x2  
  124  17:31  Extractor  
  121  17:45  Hydralisk x3  
  114  18:22  Hydralisk x5  
  120  18:41  Hatchery  
  119  18:46  Spawning Pool  
Show
View Real Time Build Order
Export as new Build Order

Alebay Protoss 

Build Orders: 1 Gate Expand 

Get SALT Encoding   

  12  0:00  Probe  
  13  0:12  Probe  
  14  0:23  Pylon  
  14  0:24  Probe  
  15  0:41  Probe  
  16  0:43  Gateway  
  16  0:46  Assimilator  
  16  0:53  Probe  
  17  1:05  Probe  
  18  1:17  Probe  
  19  1:29  Probe  
  20  1:34  Assimilator  
  20  1:38  Nexus  
  20  1:41  Probe  
  21  1:49  Cybernetics Core  
  21  1:54  Probe  
  22  2:06  Pylon  
  22  2:15  Probe  
  23  2:22  Warp Gate (Chrono Boost)  
  23  2:23  Stalker (Chrono Boost)  
  23  2:27  Probe  
  26  2:40  Gateway  
  26  2:42  Pylon  
  26  2:43  Probe  
  27  2:48  Stalker  
  29  2:52  Probe  
  29  2:57  Probe  
  31  3:05  Probe  
  32  3:11  Probe  
  33  3:22  Probe  
  33  3:23  Probe  
  35  3:32  Pylon  
  35  3:36  Forge  
  35  3:39  Probe  
  35  3:40  Probe  
  37  3:51  Stalker x2  
  37  3:53  Probe x2  
  43  3:57  Pylon  
  43  4:00  Assimilator  
  43  4:05  Probe x2  
  45  4:15  Stalker x2  
  49  4:17  Probe x2  
  51  4:29  Probe  
  51  4:30  Probe  
  53  4:34  Photon Cannon  
  53  4:37  Photon Cannon  
  53  4:40  Pylon  
  53  4:43  Pylon  
  53  4:44  Stalker x2  
  57  4:59  Photon Cannon x2  
  57  5:11  Assimilator  
  57  5:13  Stalker x2  
  61  5:18  Gateway  
  61  5:19  Gateway  
  61  5:20  Gateway  
  61  5:33  Probe x2  
  63  5:43  Twilight Council  
  63  5:45  Probe  
  64  5:53  Pylon  
  64  5:55  Protoss Ground Weapons Level 1 (Chrono Boost)  
  64  5:56  Stalker x2  
  68  6:15  Photon Cannon  
  68  6:17  Stalker x3  
  68  6:18  Blink (Chrono Boost)  
  65  6:26  Probe x2  
  67  6:38  Probe x2  
  69  6:46  Robotics Facility  
  69  6:47  Robotics Facility  
  69  6:52  Probe x2  
  71  7:01  Photon Cannon  
  71  7:04  Probe x2  
  73  7:14  Nexus  
  73  7:18  Pylon  
  73  7:20  Pylon  
  73  7:23  Stalker x4  
  81  7:44  Protoss Ground Armor Level 1 (Chrono Boost)  
  81  7:55  Probe x2  
  83  8:01  Photon Cannon  
  83  8:02  Photon Cannon  
  83  8:05  Photon Cannon  
  83  8:07  Probe x2  
  83  8:08  Immortal x2  
  93  8:19  Probe  
  94  8:30  Probe x2  
  94  8:31  Probe  
  95  8:42  Probe  
  95  8:43  Probe  
  95  8:44  Probe  
  98  8:55  Probe x2  
  100  8:56  Probe  
  101  9:03  Stalker x3  
  101  9:04  Stalker x2  
  111  9:12  Immortal x2  
  119  9:22  Assimilator  
  119  9:25  Assimilator, Probe x3  
  119  9:28  Stalker  
  124  9:36  Protoss Ground Weapons Level 2 (Chrono Boost), Pylon  
  124  9:38  Pylon  
  124  9:40  Pylon  
  60  10:36  Stalker x3  
  60  10:37  Stalker x2  
  66  10:59  Stalker  
  66  11:00  Stalker x4  
  59  11:23  Stalker x2  
  59  11:24  Stalker x3  
  68  11:44  Pylon  
  68  11:58  Pylon  
  68  11:59  Protoss Ground Armor Level 2 (Chrono Boost)  
  68  12:01  Pylon  
  68  12:02  Stalker x5  
  78  12:14  Pylon  
  78  12:16  Pylon  
  78  12:17  Pylon  
  78  12:18  Pylon  
  78  12:22  Robotics Bay  
  78  12:25  Stalker  
  78  12:26  Stalker x4  
  88  12:41  Immortal x2  
  96  12:48  Robotics Facility  
  71  13:02  Stalker x3  
  71  13:03  Stalker x2  
  74  13:27  Stalker  
  74  13:28  Stalker x3  
  74  13:29  Stalker  
  48  13:52  Stalker x5  
  55  13:56  Gateway  
  55  13:57  Gateway  
  55  14:00  Gateway  
  55  14:01  Gateway  
  52  14:16  Stalker x5  
  62  14:27  Robotics Bay  
  62  14:28  Nexus  
  62  14:34  Immortal x2  
  70  14:42  Protoss Ground Weapons Level 3 (Chrono Boost), Pylon  
  70  14:51  Pylon  
  70  14:55  Pylon  
  70  14:57  Pylon  
  68  15:00  Stalker x2  
  72  15:13  Immortal x2  
  80  15:41  Stalker x3  
  80  15:42  Stalker x2  
  90  15:52  Observer  
  90  15:53  Observer  
  80  16:21  Stalker x2  
  80  16:22  Stalker x6  
  80  16:23  Stalker  
  92  16:45  Stalker x4  
  44  17:19  Stalker x3  
  44  17:20  Stalker x3  
  54  17:37  Nexus  
  54  18:09  Nexus  
  41  18:21  Stalker x5  
  51  18:44  Stalker x5  
Show
View Real Time Build Order
Export as new Build Order

MattBarry Zerg 

Build Orders: Hatch First, Roach Nydus 

Get SALT Encoding   

  12  0:00  Drone  
  13  0:12  Overlord  
  13  0:18  Drone  
  14  0:28  Drone, Extractor  
  14  0:34  Drone  
  16  0:57  Hatchery  
  16  1:04  Drone  
  16  1:09  Spawning Pool  
  15  1:11  Drone  
  15  1:15  Drone  
  17  1:21  Extractor, Drone  
  17  1:31  Drone  
  18  1:42  Evolution Chamber  
  18  1:46  Drone  
  18  1:48  Drone  
  19  1:57  Drone  
  20  2:06  Queen  
  22  2:09  Zergling x2  
  22  2:10  Queen  
  25  2:16  Overlord  
  25  2:19  Extractor  
  25  2:21  Drone  
  26  2:30  Drone  
  27  2:40  Drone x2  
  29  2:47  Extractor  
  29  2:50  Queen  
  30  2:53  Drone  
  30  2:54  Drone, Overlord  
  32  3:09  Drone  
  33  3:15  Drone x3  
  33  3:19  Zergling x4  
  37  3:27  Lair  
  37  3:33  Roach Warren  
  36  3:38  Evolution Chamber, Overlord  
  35  3:45  Zergling x2  
  35  3:46  Overlord  
  36  4:05  Zerg Melee Weapons Level 1  
  36  4:08  Drone x3  
  36  4:09  Zergling x2  
  40  4:10  Zergling x6  
  43  4:20  Overlord x2  
  43  4:38  Queen x2  
  47  4:50  Drone  
  47  4:51  Roach x3  
  47  4:52  Roach x3  
  60  4:54  Overlord x2  
  60  4:58  Nydus Network  
  59  5:08  Overlord  
  59  5:09  Drone  
  60  5:25  Overlord x2  
  60  5:47  Drone x2  
  60  5:48  Roach x2, Drone  
  67  6:00  Extractor  
  67  6:02  Zergling x10, Extractor  
  70  6:11  Glial Reconstitution  
  70  6:19  Pneumatized Carapace  
  70  6:24  Roach x2  
  74  6:28  Zergling x8  
  78  6:46  Overseer x2  
  78  6:52  Drone x2  
  78  6:53  Drone x3  
  83  7:03  Drone x3  
  86  7:12  Overlord  
  86  7:30  Nydus Canal  
  86  7:40  Roach x7  
  70  8:29  Drone x4  
  68  8:38  Spire  
  65  9:11  Zerg Ground Armor Level 1  
  65  9:18  Hatchery  
  65  9:19  Hatchery  
  65  9:21  Hydralisk Den  
  62  9:24  Infestation Pit  
  61  9:33  Spire  
  61  9:34  Spore Crawler  
  59  9:56  Mutalisk x6  
  59  9:57  Mutalisk  
  73  10:00  Zergling x36  
  91  10:11  Overlord  
  91  10:12  Overlord x3  
  88  10:41  Metabolic Boost  
  88  10:49  Mutalisk x3  
  94  11:00  Zerg Flyer Weapons Level 1  
  94  11:05  Zerg Melee Weapons Level 2  
  90  11:17  Roach  
  90  11:18  Roach x5  
  87  11:28  Overlord x2  
  87  11:29  Overlord x2  
  87  11:30  Corruptor  
  89  11:39  Queen  
  91  11:41  Drone  
  80  12:02  Grooved Spines  
  80  12:06  Hydralisk, Zerg Missile Weapons Level 1  
  66  12:21  Hydralisk x2  
  66  12:22  Hydralisk  
  68  12:53  Zergling x10  
  68  12:54  Zergling x20  
  83  13:08  Roach  
  83  13:09  Roach x4  
  87  13:14  Muscular Augments  
  87  13:18  Roach x2  
  83  13:37  Zergling x2  
  83  13:38  Zergling x10  
  65  13:50  Zergling x4  
  65  13:57  Zergling x6  
  67  14:28  Roach x9  
  85  14:41  Hatchery x2  
  85  14:44  Zerg Missile Weapons Level 2  
  76  14:46  Roach x2  
  76  14:47  Hatchery  
  75  15:04  Overseer  
  70  15:35  Zergling x2  
  70  15:36  Zergling x24  
  83  15:43  Ravager x7  
  83  15:44  Ravager x2  
  92  15:51  Zergling x2  
  90  16:04  Roach  
  90  16:05  Roach x2  
  87  16:37  Roach x2  
  87  16:38  Roach x6  
  92  16:55  Roach x2  
  86  17:11  Roach x4  
  89  17:33  Roach  
  89  17:34  Roach x4  
  99  17:42  Ravager  
  99  17:43  Ravager x2  
  102  17:44  Ravager  
  103  18:16  Hydralisk  
  103  18:17  Hydralisk  
Show
View Real Time Build Order
Export as new Build Order

Abraham Terran 

Build Orders: Mech 

Get SALT Encoding   

  12  0:00  SCV  
  13  0:12  SCV  
  14  0:21  Supply Depot  
  14  0:25  SCV  
  15  0:42  SCV  
  16  0:43  Barracks  
  16  0:48  Refinery  
  16  0:51  Refinery  
  16  0:56  SCV  
  17  1:08  SCV  
  18  1:20  SCV  
  20  1:33  Factory  
  20  1:39  Orbital Command  
  19  1:51  Supply Depot  
  19  1:56  Barracks Tech Lab  
  19  2:06  SCV  
  20  2:14  Supply Depot  
  20  2:25  Siege Tank  
  20  2:28  SCV  
  24  2:41  SCV  
  25  2:53  SCV  
  26  3:08  SCV  
  26  3:10  Command Center  
  27  3:20  SCV  
  27  3:22  Engineering Bay  
  28  3:31  Armory  
  28  3:32  SCV  
  29  3:37  Armory  
  29  3:44  SCV  
  30  3:54  Missile Turret  
  30  3:56  SCV  
  31  4:07  Refinery  
  31  4:11  SCV  
  32  4:24  SCV  
  33  4:25  Orbital Command  
  33  4:32  Missile Turret  
  33  4:36  SCV, Refinery  
  34  4:39  Missile Turret  
  34  4:46  Terran Vehicle Weapons Level 1  
  34  4:48  SCV, Terran Vehicle And Ship Armor Level 1  
  35  4:53  SCV  
  35  4:56  Missile Turret  
  36  5:00  SCV  
  36  5:01  Mag-Field Accelerator  
  36  5:05  SCV  
  36  5:06  Widow Mine  
  40  5:12  SCV  
  41  5:18  SCV  
  42  5:24  SCV  
  43  5:30  SCV  
  44  5:36  SCV  
  44  5:38  Widow Mine  
  44  5:42  SCV  
  48  5:48  SCV  
  49  5:54  SCV  
  50  6:00  Widow Mine, SCV  
  53  6:05  Factory  
  53  6:06  Factory, SCV  
  53  6:07  Factory  
  54  6:26  Supply Depot  
  54  6:28  Supply Depot  
  54  6:40  Drilling Claws  
  54  6:48  Widow Mine, SCV  
  54  6:50  Supply Depot, Terran Vehicle Weapons Level 2, Factory  
  54  6:52  Supply Depot, Terran Vehicle And Ship Armor Level 2  
  57  6:54  Factory  
  57  6:56  Factory  
  57  6:57  Factory Tech Lab x3  
  57  7:09  Widow Mine  
  57  7:12  Supply Depot  
  59  7:18  Supply Depot  
  59  7:26  Widow Mine x2  
  63  7:31  Widow Mine  
  56  7:59  Command Center  
  55  8:07  Refinery  
  55  8:08  Refinery  
  55  8:14  Factory Tech Lab x3  
  55  8:15  Thor  
  55  8:16  Thor  
  55  8:17  Thor  
  73  8:41  Supply Depot  
  73  8:45  Orbital Command  
  73  9:05  Supply Depot  
  73  9:24  Missile Turret  
  73  9:38  Terran Vehicle And Ship Armor Level 3  
  73  9:40  Terran Vehicle Weapons Level 3  
  73  9:45  Missile Turret  
  73  9:52  Supply Depot  
  73  10:02  SCV  
  73  10:05  Missile Turret  
  75  10:14  SCV  
  75  10:16  Supply Depot  
  75  10:26  SCV  
  76  10:28  Missile Turret  
  76  10:38  Supply Depot  
  76  10:44  Thor  
  76  10:45  Thor  
  76  10:49  SCV  
  89  11:02  SCV  
  90  11:14  SCV  
  79  11:23  Thor  
  79  11:24  Thor  
  91  11:26  SCV  
  92  11:38  SCV  
  87  11:53  Planetary Fortress  
  85  12:08  SCV x2  
  87  12:16  Missile Turret  
  87  12:20  Thor, SCV x2  
  95  12:24  Thor  
  101  12:30  SCV  
  101  12:32  SCV x2  
  104  12:37  Missile Turret  
  104  12:42  SCV  
  105  12:56  Thor x2  
  117  12:59  Missile Turret  
  117  13:20  Missile Turret  
  117  13:25  Thor x2  
  129  13:42  Missile Turret  
  129  13:48  Thor x2  
  115  14:38  Thor x3  
  115  14:39  Thor  
  115  14:40  Thor  
  115  14:44  SCV  
  146  14:56  SCV  
  146  14:59  Thor  
  95  16:24  Thor x6  
  95  16:25  Thor  
  121  17:07  Thor x3  
  115  17:19  Thor x2  
  115  17:21  Thor  
  133  17:38  Thor  
  133  17:43  SCV  
  140  17:55  SCV  
  141  18:08  SCV  
  142  18:20  SCV  
  143  18:32  Command Center  
Show
View Real Time Build Order
Export as new Build Order

ShadowRun Protoss 

Build Orders: Phoenix Opening, Carriers 

Get SALT Encoding   

  12  0:01  Probe  
  13  0:15  Pylon  
  13  0:17  Probe  
  14  0:27  Assimilator  
  14  0:40  Probe  
  15  0:45  Gateway  
  15  0:59  Assimilator  
  15  1:02  Probe  
  15  1:03  Pylon  
  16  1:14  Probe  
  17  1:26  Probe (Chrono Boost)  
  18  1:35  Cybernetics Core  
  18  1:38  Probe (Chrono Boost)  
  19  1:46  Probe (Chrono Boost)  
  20  1:53  Probe  
  21  2:05  Probe  
  22  2:13  Stargate  
  22  2:16  Stargate  
  22  2:17  Probe  
  23  2:40  Nexus  
  23  2:46  Assimilator  
  23  2:50  Probe  
  24  2:57  Phoenix (Chrono Boost)  
  26  3:06  Phoenix (Chrono Boost)  
  28  3:14  Probe  
  29  3:22  Phoenix (Chrono Boost)  
  31  3:51  Phoenix x2  
  31  3:52  Probe x2  
  37  4:14  Probe  
  37  4:15  Fleet Beacon  
  38  4:19  Pylon  
  38  4:21  Assimilator  
  38  4:52  Phoenix  
  40  5:08  Anion Pulse-Crystals  
  40  5:13  Phoenix  
  40  5:17  Probe (Chrono Boost)  
  42  5:22  Probe (Chrono Boost)  
  42  5:25  Pylon  
  42  5:27  Probe (Chrono Boost)  
  45  5:30  Probe (Chrono Boost)  
  45  5:32  Probe (Chrono Boost)  
  47  5:41  Probe  
  48  5:43  Probe  
  48  5:46  Protoss Air Weapons Level 1  
  48  5:48  Tempest  
  54  5:53  Probe  
  54  5:55  Probe  
  56  6:02  Stargate  
  56  6:05  Probe  
  56  6:08  Probe  
  56  6:10  Pylon  
  58  6:17  Probe  
  59  6:20  Probe  
  56  6:29  Probe  
  56  6:32  Tempest x2 (Chrono Boost)  
  67  6:55  Nexus  
  67  7:00  Forge, Probe  
  68  7:05  Pylon  
  68  7:23  Tempest (Chrono Boost), Probe x2  
  68  7:25  Pylon  
  75  7:35  Probe  
  75  7:36  Probe  
  77  7:52  Carrier (Chrono Boost)  
  77  7:56  Photon Cannon  
  83  8:08  Unknown  
  83  8:09  Carrier (Chrono Boost)  
  76  8:25  Probe x2  
  70  8:37  Probe x2  
  78  8:48  Carrier  
  78  8:50  Probe (Chrono Boost)  
  78  9:05  Pylon  
  78  9:12  Pylon  
  78  9:20  Pylon  
  78  9:22  Protoss Air Weapons Level 2 (Chrono Boost)  
  78  9:23  Probe x2  
  80  9:24  Pylon  
  80  9:35  Protoss Shields Level 1 (Chrono Boost), Probe x2  
  82  9:47  Probe x2  
  84  9:58  Nexus  
  84  9:59  Probe x2  
  86  10:11  Probe x2  
  56  10:26  Carrier  
  56  10:27  Pylon  
  62  10:28  Pylon  
  62  10:31  Probe  
  62  10:32  Assimilator  
  62  10:34  Assimilator  
  63  10:45  Photon Cannon  
  63  10:48  Photon Cannon  
  63  11:02  Carrier  
  69  11:10  Photon Cannon  
  69  11:12  Photon Cannon  
  69  11:14  Photon Cannon  
  69  11:16  Photon Cannon  
  69  11:18  Carrier  
  75  11:33  Carrier  
  81  11:41  Probe x2  
  81  11:45  Probe  
  84  11:53  Probe  
  85  12:04  Protoss Air Weapons Level 3 (Chrono Boost)  
  85  12:13  Carrier  
  91  12:20  Probe  
  91  12:21  Probe x2  
  94  12:33  Probe x3  
  97  12:45  Probe  
  98  12:53  Carrier  
  104  13:01  Nexus  
  92  13:40  Carrier x2  
  84  13:57  Carrier  
  84  14:02  Stargate  
  90  14:07  Stargate  
  90  14:11  Assimilator  
  90  14:15  Assimilator  
  90  14:18  Pylon  
  90  14:19  Shield Battery  
  90  14:20  Shield Battery  
  90  14:22  Pylon  
  90  14:28  Probe  
  91  14:44  Carrier x2  
  103  14:51  Carrier  
  109  15:00  Twilight Council  
  109  15:05  Protoss Air Armor Level 1 (Chrono Boost)  
  109  15:14  Photon Cannon  
  109  15:17  Photon Cannon  
  109  15:35  Carrier  
  115  15:46  Probe x2  
  115  15:48  Carrier  
  123  15:50  Probe  
  124  16:17  Carrier  
  130  16:26  Carrier  
  128  16:53  Carrier x2  
  134  17:09  Tempest  
  139  17:20  Tempest  
  132  17:44  Carrier  
Show
View Real Time Build Order
Export as new Build Order

Bolt Terran 

Build Orders:  

Get SALT Encoding   

  12  0:08  SCV  
  13  0:20  SCV  
  14  0:25  Supply Depot  
  14  0:32  SCV  
  15  0:46  SCV  
  15  0:47  Barracks  
  16  0:56  Barracks  
  16  1:02  Refinery  
  16  1:06  Refinery  
  16  1:09  SCV  
  17  1:21  SCV  
  18  1:33  SCV  
  19  1:41  Barracks Reactor  
  19  1:45  SCV  
  20  1:50  Barracks Reactor  
  20  1:58  Orbital Command  
  20  2:02  Supply Depot  
  20  2:18  Reaper x2  
  22  2:24  SCV  
  22  2:29  Reaper  
  25  2:30  Reaper  
  25  2:33  Supply Depot  
  25  2:36  SCV  
  26  2:48  SCV  
  27  2:57  Command Center  
  27  3:01  Reaper  
  27  3:03  Reaper  
  29  3:06  Reaper  
  29  3:10  Reaper  
  29  3:12  SCV  
  32  3:24  SCV  
  32  3:25  Supply Depot  
  33  3:31  Factory  
  33  3:35  Reaper  
  33  3:36  SCV  
  35  3:51  Reaper x2  
  37  3:57  Engineering Bay  
  37  4:00  Supply Depot  
  37  4:01  Reaper  
  38  4:12  Orbital Command  
  38  4:25  Reaper x2  
  38  4:27  Reaper  
  40  4:34  SCV  
  40  4:35  Refinery  
  41  4:38  Missile Turret  
  41  4:45  Starport  
  41  4:49  Factory Tech Lab  
  41  4:53  SCV x2  
  43  5:05  SCV x2  
  45  5:09  Marine x3  
  45  5:12  Barracks  
  48  5:17  SCV  
  48  5:18  SCV  
  48  5:19  Supply Depot  
  48  5:29  Starport Reactor  
  48  5:30  Siege Tank  
  48  5:34  SCV x2  
  53  5:42  Supply Depot  
  53  5:46  SCV x2  
  53  5:48  Marine x4  
  59  5:54  Missile Turret  
  59  5:59  SCV  
  59  6:00  Barracks Tech Lab  
  59  6:04  SCV  
  61  6:05  Supply Depot, Marine  
  61  6:06  Marine  
  63  6:12  SCV  
  64  6:20  SCV  
  64  6:23  Command Center  
  64  6:24  SCV, Stimpack  
  66  6:30  Refinery  
  66  6:32  SCV  
  67  6:33  Supply Depot  
  67  6:36  SCV  
  67  6:38  Supply Depot  
  68  6:43  Terran Infantry Weapons Level 1  
  68  6:45  Marine  
  68  6:46  Marine  
  70  6:48  Ghost Academy  
  70  6:51  Marine x3  
  73  6:54  SCV  
  74  7:03  Supply Depot, Marine x2  
  76  7:13  Marine x3  
  76  7:14  Siege Tank  
  82  7:21  Marine  
  81  7:47  Marine x4  
  81  7:48  Medivac x2, Marauder, Siege Tank  
  94  8:00  SCV x2  
  94  8:03  Combat Shield  
  94  8:05  Marine x4  
  98  8:10  Marine  
  101  8:18  Medivac x2  
  105  8:20  Siege Tank  
  105  8:23  Marine x3  
  105  8:24  SCV x2  
  112  8:28  Supply Depot  
  112  8:32  Armory  
  112  8:36  SCV x2  
  112  8:37  Terran Infantry Armor Level 1  
  114  8:43  Marine x2  
  114  8:44  Marine x2  
  117  8:52  Siege Tank  
  117  8:55  Marine  
  112  9:01  Marine x2, Medivac  
  117  9:12  Supply Depot  
  117  9:14  Marauder  
  117  9:15  Barracks  
  119  9:17  SCV  
  120  9:24  Siege Tank  
  120  9:30  Marine  
  120  9:31  Marine x2  
  125  9:32  Command Center  
  125  9:36  SCV  
  125  9:37  SCV  
  128  9:51  Marine  
  128  9:52  Missile Turret, Marine x3  
  131  9:57  Siege Tank  
  135  10:04  Enhanced Shockwaves  
  135  10:07  Marine  
  120  10:35  Marine x3  
  120  10:36  Marine, Marauder  
  120  10:37  SCV  
  120  10:38  SCV  
  114  10:53  Marine x4, Siege Tank  
  114  10:54  Medivac x2  
  116  10:57  Ghost  
  118  11:11  Marine x4  
  118  11:19  Missile Turret  
  118  11:26  Marine, Siege Tank  
  118  11:27  Missile Turret x2, Marine  
  118  11:29  Marine  
  124  11:33  Missile Turret  
  116  11:44  Planetary Fortress  
  115  11:50  Marine x4  
  115  11:51  Barracks Tech Lab  
  119  11:58  Refinery  
  119  12:02  Ghost  
  119  12:07  Marine  
  119  12:08  Marine  
  123  12:19  SCV x2  
  123  12:22  Refinery  
  125  12:26  Command Center  
  125  12:27  Terran Infantry Armor Level 2  
  125  12:35  Missile Turret  
  125  12:39  Marine x4  
  125  12:40  Marine x2  
  124  13:00  Marine x4, Ghost  
  124  13:01  Widow Mine, Marauder  
  134  13:09  Missile Turret  
  134  13:14  Viking x2  
  135  13:20  Marine x3  
  135  13:22  Siege Tank  
  141  13:30  Marine x3  
  142  13:38  Marine  
  139  13:47  Ghost  
  134  13:55  Marine x3  
  117  13:56  Marine, Marauder  
  107  14:08  Medivac, Siege Tank  
  85  14:13  Marine x3  
  85  14:14  Marine  
  85  14:16  Ghost  
  91  14:17  Marauder  
  91  14:20  Factory  
  93  14:27  Terran Vehicle Weapons Level 1  
  93  14:29  Supply Depot  
  93  14:31  Marine x2  
  93  14:35  Starport  
  93  14:38  Ghost  
  94  14:39  Marine x2  
  94  14:42  Terran Infantry Weapons Level 2  
  94  14:45  Planetary Fortress, Marauder  
  95  14:49  Marine x2  
  95  14:50  SCV x2  
  96  14:57  Marine x2  
  96  14:59  SCV  
  98  15:02  SCV  
  98  15:03  SCV, Siege Tank  
  98  15:06  Marine, Factory Tech Lab  
  104  15:09  Marine x3  
  104  15:10  Medivac  
  104  15:11  SCV  
  104  15:13  Starport Tech Lab  
  110  15:15  SCV x2  
  110  15:19  Missile Turret x2  
  112  15:23  Ghost  
  112  15:27  SCV x2  
  116  15:32  Marine x4, Ghost  
  122  15:39  SCV x2  
  124  15:46  Refinery  
  124  15:47  Siege Tank, Refinery  
  124  15:48  Siege Tank  
  124  15:49  Marine  
  126  15:50  Marine x3  
  126  15:53  Marauder  
  114  16:00  Ghost  
  107  16:07  Marine x3  
  107  16:08  Marine  
  99  16:14  Marauder  
  97  16:19  Siege Tank  
  97  16:20  Siege Tank  
  97  16:25  Marine x4  
  78  16:49  Marine x2, Command Center  
  78  16:52  Siege Tank  
  76  17:02  Siege Tank  
  76  17:04  Marine x3, Ghost  
  76  17:06  Marine  
  76  17:07  Marine  
  73  17:19  SCV  
  73  17:20  SCV  
  75  17:23  Marauder  
  75  17:29  Marine, Siege Tank  
  81  17:32  SCV  
  81  17:33  Ghost  
  81  17:34  Siege Tank  
  89  17:44  Marauder  
  86  18:16  Marine x4  
  86  18:17  Marine  
Tags
 
Add a new tag
Caveats
  • Supply blocks, unpowered buildings, or Contaminate may cause inaccurate times.
  • Supply counts are checked every 10 seconds.